 Dungeon Crawl Stone Soup version 0.31-a0-174-g85c54bcb58 (webtiles) character file.

Game seed: 8581187831534619925

682 qw the Chopper (level 7, -1/43 HPs)
             Began as a Gargoyle Fighter on June 15, 2023.
             Slain by a wight
             ... wielding a +0 spear
              (8 damage)
             ... on level 5 of the Dungeon.
             The game lasted 00:02:02 (3781 turns).

qw the Chopper (Gargoyle Fighter)                   Turns: 3781, Time: 00:02:03

Health: -1/43      AC: 20    Str: 21    XL:     7   Next: 61%
Magic:  7/7        EV:  8    Int:  9    God:
Gold:   233        SH:  5    Dex: 15    Spells: 6/6 levels left

rFire   + . .        Y - +0 war axe (heavy)
rCold   . . .        c - +0 buckler
rNeg    + . .        o - +0 chain mail
rPois   inf          f - +1 helmet
rElec   +            (no cloak)
rCorr   .            e - +0 pair of gloves
SInv    .            a - +2 pair of boots
Will    .....        (no amulet) Stlth
                     l - +6 ring of dexterity
HPRegen 0.27/turn    n - ring of protection from fire
MPRegen 0.10/turn

%: no passive effects
@: about to teleport
A: sickness immunity, AC +4, negative energy resistance 1, electricity
resistance, torment resistance 1, petrification resistance
a: no special abilities


You were on level 5 of the Dungeon.
You visited 1 branch of the dungeon, and saw 5 of its levels.

You collected 233 gold pieces.


Innate Abilities, Weirdness & Mutations

You are immune to sickness and miasma.
Your stone body is resilient. (AC +4)
You are immune to poison.
You resist negative energy. (rN+)
You are resistant to electric shocks. (rElec)
You are resistant to unholy torment.
You are immune to petrification.


   Skills:
 + Level 4.2 Fighting
 - Level 7.0 Axes
 - Level 3.2 Armour
 - Level 1.3 Dodging
 - Level 3.2 Shields


You had 6 spell levels left.
You didn't know any spells.
Your spell library was empty.

Inventory:

Hand Weapons
 i - a +0 flail
 Y - a +0 heavy war axe (weapon)
Armour
 a - a +2 pair of boots (worn)
 c - a +0 buckler (worn)
 e - a +0 pair of gloves (worn)
 f - a +1 helmet (worn)
 o - a +0 chain mail (worn)
Jewellery
 l - a +6 ring of dexterity (left hand)
 n - a ring of protection from fire (right hand)
Scrolls
 b - a scroll of fear {unknown}
 j - a scroll of identify
Potions
 d - 2 potions of might
 h - a potion of cancellation
 k - a potion of enlightenment {unknown}
 m - a potion of berserk rage {unknown}
 p - a potion of curing {unknown}

Dungeon Overview and Level Annotations

Branches:
Dungeon (5/15)
 Temple: D:4-7

Altars:


Message History

The wight hits you from afar with a +0 spear.
You block the wight's attack. You block the iguana's attack.
The wight barely misses you.
The wight hits you from afar with a +0 spear.
You block the iguana's attack.
You barely miss the iguana.
The iguana is heavily wounded.
You slash the wight! The wight hits you but does no damage.
The wight hits you with a +1 great sword of freezing.
The wight freezes you.
The iguana bites you but does no damage.
You slash the iguana!
The iguana is almost dead.
You slash the wight! The wight closely misses you.
The wight hits you but does no damage. The iguana completely misses you.
The wight hits you but does no damage. You block the wight's attack.
The iguana barely misses you.
You slice the iguana!!
You kill the iguana!
You hit the wight but do no damage.
The wight hits you with a +1 great sword of freezing.
The wight freezes you. The wight barely misses you.
The wight hits you with a +1 great sword of freezing.
The wight freezes you.
The wight hits you from afar with a +0 spear.
The wight hits you but does no damage.
Your Axes skill increases to level 7!
3780 ||| READING scroll of teleportation.
As you read the scroll of teleportation, it crumbles to dust.
You feel strangely unstable. The wight hits you but does no damage.
You block the wight's attack. The wight hits you but does no damage.
You slash the wight!
You destroy the wight!
You slice the wight!!
You destroy the wight!
The wight misses you.
The wight hits you from afar with a +0 spear!
You die...

.......#....#
....(..#....# .#
.......#....# .#
.......#....# .#
.......#....###+#.# ###
.......#%....#.... ...#
.......'.....#...# ....#
.......#######..)#z....#
....(........#..@)......
#######......#...#......
#......#...# .....
#......#...# ....
#......#...# ...
#......#.:.# ..
#......#...# #
#......#...#
#......#...#


You could see a wight.

Vanquished Creatures
  A black bear (D:5)
  Blork the orc (D:4)
  A scorpion (D:4)
  4 wights (D:5)
  A howler monkey (D:4)
  An orc priest (D:4)
  An iguana (D:5)
  Jessica (D:3)
  Natasha (thrice) (D:3)
  Robin (D:3)
  3 adders
  An ufetubus (D:4)
  3 worms
  4 dart slugs
  4 orcs (D:4)
  7 ball pythons
  11 endoplasms
  4 giant cockroaches
  17 goblins
  12 hobgoblins
  4 quokkas
  2 bats (D:1)
  7 frilled lizards
  8 kobolds
  8 rats
110 creatures vanquished.

Notes
Turn   | Place    | Note
-------+----------+-------------------------------------------
     0 | D:1      | qw the Gargoyle Fighter began the quest for the Orb.
     0 | D:1      | Reached XP level 1. HP: 14/14 MP: 1/1
     0 | D:1      | 0 ||| qw: Version: 0.2-a-29-g511e9b1
     0 | D:1      | 0 ||| qw: Game counter: 5191
     0 | D:1      | 0 ||| qw: Always use a shield: true
     0 | D:1      | 0 ||| qw: God list: Okawaru
     0 | D:1      | 0 ||| qw: Allow faded altars: false
     0 | D:1      | 0 ||| qw: Do Orc after D:15 true
     0 | D:1      | 0 ||| qw: Do second Lair branch before Depths: true
     0 | D:1      | 0 ||| qw: Lair rune preference: random
     0 | D:1      | 0 ||| qw: Plans: Normal, Zot:1-4, Slime:5, God:TSO, Crypt,
                  | Tomb, Abyss, Pan, Hells, Win
     0 | D:1      | 0 ||| PLANNING D:1-11
    38 | D:1      | Reached skill level 2 in Axes
   191 | D:1      | Reached XP level 2. HP: 19/19 MP: 2/2
   211 | D:1      | 211 ||| Stepping ~*~*~tactically~*~*~ (stealth).
   230 | D:1      | 230 ||| Stepping ~*~*~tactically~*~*~ (stealth).
   261 | D:1      | 261 ||| Stepping ~*~*~tactically~*~*~ (hiding).
   416 | D:1      | 416 ||| Stepping ~*~*~tactically~*~*~ (stealth).
   534 | D:1      | Reached skill level 3 in Axes
   581 | D:1      | Reached XP level 3. HP: 23/23 MP: 3/3
   672 | D:1      | 672 ||| DROPPING +0 club.
  1119 | D:1      | 1119 ||| READING scroll labelled BATSAG MAXESO.
  1120 | D:1      | 1120 ||| READING scroll labelled ROIRIY LEAROU.
  1121 | D:1      | 1121 ||| READING 2 scrolls labelled GUJOIGIH AROXT.
  1125 | D:1      | 1125 ||| READING scroll labelled FIKONA LEWK.
  1238 | D:2      | 1238 ||| Stepping ~*~*~tactically~*~*~ (hiding).
  1247 | D:2      | Reached XP level 4. HP: 22/28 MP: 4/4
  1411 | D:2      | 1411 ||| Stepping ~*~*~tactically~*~*~ (stealth).
  1548 | D:2      | Reached skill level 4 in Axes
  1762 | D:2      | 1762 ||| UPGRADING to +2 pair of boots.
  1767 | D:2      | 1767 ||| UPGRADING to +0 helmet.
  1772 | D:2      | 1772 ||| DROPPING orb of guile.
  1773 | D:2      | 1773 ||| UPGRADING to +6 ring of dexterity.
  1774 | D:2      | 1774 ||| READING scroll labelled MEOCZEHEPH.
  1775 | D:2      | 1775 ||| READING scroll labelled OCVURO INAEN.
  1776 | D:2      | 1776 ||| READING scroll labelled TUG HUEDY SOU.
  1777 | D:2      | 1777 ||| READING 2 scrolls of identify.
  1777 | D:2      | 1777 ||| IDENTIFYING yellow potion
  1778 | D:2      | 1778 ||| DROPPING potion of brilliance.
  1830 | D:3      | 1830 ||| Stepping ~*~*~tactically~*~*~ (hiding).
  1832 | D:3      | 1832 ||| Stepping ~*~*~tactically~*~*~ (hiding).
  1833 | D:3      | 1833 ||| Stepping ~*~*~tactically~*~*~ (hiding).
  1970 | D:3      | Noticed Jessica
  1971 | D:3      | 1971 ||| Stepping ~*~*~tactically~*~*~ (hiding).
  1973 | D:3      | 1973 ||| Stepping ~*~*~tactically~*~*~ (hiding).
  1985 | D:3      | Killed Jessica
  1986 | D:3      | Reached skill level 1 in Dodging
  2132 | D:3      | Noticed Natasha
  2139 | D:3      | Killed Natasha
  2140 | D:3      | Reached XP level 5. HP: 23/32 MP: 5/5
  2195 | D:3      | 2195 ||| Stepping ~*~*~tactically~*~*~ (hiding).
  2199 | D:3      | 2199 ||| Stepping ~*~*~tactically~*~*~ (hiding).
  2205 | D:3      | Noticed Robin
  2222 | D:3      | Killed Robin
  2354 | D:3      | 2354 ||| Stepping ~*~*~tactically~*~*~ (hiding).
  2355 | D:3      | 2355 ||| Stepping ~*~*~tactically~*~*~ (hiding).
  2359 | D:3      | Noticed Natasha
  2367 | D:3      | Killed Natasha
  2438 | D:3      | You fall into a shaft and drop 1 floor!
  2440 | D:4      | 2440 ||| UPGRADING to +1 helmet.
  2450 | D:4      | 2450 ||| DROPPING +0 helmet.
  2451 | D:4      | 2451 ||| READING 2 scrolls labelled ULUC SUETOKIARGH.
  2452 | D:4      | 2452 ||| DROPPING scroll of revelation.
  2501 | D:3      | Found a faded altar of an unknown god.
  2558 | D:3      | Noticed Natasha
  2559 | D:3      | 2559 ||| Stepping ~*~*~tactically~*~*~ (stealth).
  2561 | D:3      | 2561 ||| Stepping ~*~*~tactically~*~*~ (stealth).
  2567 | D:3      | Killed Natasha
  2568 | D:3      | Reached skill level 5 in Axes
  2568 | D:3      | Reached XP level 6. HP: 28/37 MP: 6/6
  2695 | D:3      | 2695 ||| UPGRADING to +0 pair of gloves.
  2700 | D:3      | 2700 ||| DRINKING 2 bubbling puce potions.
  3348 | D:4      | 3348 ||| Stepping ~*~*~tactically~*~*~ (hiding).
  3353 | D:4      | Noticed Blork the orc
  3354 | D:4      | 3354 ||| Stepping ~*~*~tactically~*~*~ (stealth).
  3490 | D:4      | 3490 ||| Stepping ~*~*~tactically~*~*~ (hiding).
  3497 | D:4      | Killed Blork the orc
  3498 | D:4      | Reached skill level 6 in Axes
  3498 | D:4      | Reached XP level 7. HP: 38/43 MP: 7/7
  3620 | D:4      | 3620 ||| UPGRADING to +0 chain mail.
  3630 | D:4      | 3630 ||| DROPPING +0 scale mail.
  3631 | D:4      | 3631 ||| UPGRADING to ring of protection from fire.
  3632 | D:4      | 3632 ||| READING scroll labelled REKULO FUAN.
  3651 | D:5      | Entered Level 5 of the Dungeon
  3764 | D:5      | 3764 ||| Stepping ~*~*~tactically~*~*~ (stealth).
  3779 | D:5      | HP: 10/43 [wight/+1 great sword of freezing (1)]
  3780 | D:5      | Reached skill level 7 in Axes
  3780 | D:5      | 3780 ||| READING scroll of teleportation.
  3781 | D:5      | Slain by a wight

Levels and vault maps discovered:
D:1:      lightli_arrival_chessboard, layout_loops_corners
D:2:      layout_basic
D:3:      layout_basic, shapermc_ecumenical_altar_hornbeckon, uniq_jessica,
          uniq_robin, uniq_natasha
D:4:      layout_cave_pods, uniq_blork_the_orc
D:5:      layout_gridville, uniq_eustachio

Skill      XL: |  1  2  3  4  5  6  7 |
---------------+----------------------+-----
Axes           | 2 3 4 5 6 7 |  7.0
Dodging        | 1 |  1.3
Fighting       | 4 |  4.2
Armour         | |  3.2
Shields        | |  3.2

Action                     |  1- 3 |  4- 6 |  7- 9 || total
---------------------------+-------+-------+-------++-------
  Melee: War axe           |   104 |   149 |    16 ||   269
    Use: Scroll            |     4 |     5 |     2 ||    11
         Potion            |       |     1 |       ||     1
 Armour: Scale mail        |    43 |   125 |       ||   168
         Chain mail        |       |       |    14 ||    14
  Dodge: Dodged            |    48 |    89 |     9 ||   146
  Block: Buckler           |    11 |    39 |    10 ||    60

Table legend:
 A = Non-vault XP
 B = Vault XP
 C = Vault XP percentage of total XP
 D = Non-vault monster count
 E = Vault monster count
 F = Vault count percentage of total count
                 A         B        C        D         E       F
            +---------+---------+-------+---------+---------+-------
      Total |     914 |     207 |  18.5 |      95 |      15 |  13.6
            +---------+---------+-------+---------+---------+-------
        D:1 |      54 |       0 |   0.0 |      30 |       0 |   0.0
        D:2 |      46 |       0 |   0.0 |      18 |       0 |   0.0
        D:3 |     113 |     111 |  49.6 |      21 |      14 |  40.0
        D:4 |     241 |      96 |  28.5 |      20 |       1 |   4.8
        D:5 |     460 |       0 |   0.0 |       6 |       0 |   0.0
            +---------+---------+-------+---------+---------+-------
